 Dungeon Crawl Stone Soup version 0.31.0-7-gf635a9b802 (webtiles) character file.

Game seed: 7377698524984758631

1399960 Sergey the Imperceptible (level 19, 108/108 HPs)
             Began as a Spriggan Enchanter on Jan 23, 2024.
             Was a Believer of Elyvilon.
             Escaped with the Orb
             ... and 3 runes
             ... and 1 gem!
             The game lasted 09:12:15 (73325 turns).

Sergey the Imperceptible (Spriggan Enchanter)      Turns: 73325, Time: 09:12:16

Health: 108/108    AC: 11    Str:  4    XL:     19   Next: 5%
Magic:  45/45      EV: 31    Int: 24    God:    Elyvilon [**....]
Gold:   1241       SH:  0    Dex: 22    Spells: 6/43 levels left

rFire   + . .        w - +7 dagger (venom)
rCold   . . .        t - orb {guile}
rNeg    . . .        b - +3 troll leather armour {Snorg}
rPois   .            m - +2 hat
rElec   .            Q - +2 cloak {rCorr}
rCorr   +            (gloves unavailable)
SInv    +            (boots unavailable)
Will    ++...        S - amulet of guardian spirit
Stlth   +++          A - ring "Astry" {Will+ MP+9}
HPRegen 1.18/turn    p - ring "Tyzas" {rF+ Int+6}
MPRegen 0.29/turn

%: guardian spirit
@: studying 2 skills, very quick
A: very small, no large weapons, unfitting armour, see invisible, speed 3
0: Orb of Zot
}: 3/15 runes: barnacled, abyssal, gossamer
a: Renounce Religion, Purification, Heal Other


You escaped.
You worshipped Elyvilon.
Elyvilon was pleased with you.
You visited 10 branches of the dungeon, and saw 46 of its levels.
You visited the Abyss 1 time.
You visited 1 bazaar.
You visited 1 ziggurat, and saw 5 of its levels.
You also visited: Bailey.

You collected 3974 gold pieces.
You spent 2733 gold pieces at shops.

Inventory:

Hand Weapons
 g - a +2 long sword of distortion {!w}
 q - the +1 rapier "Agranwou" {freeze, rPois Int+5}
   (You took it off a deep elf annihilator on level 3 of the Elven Halls)

   Int+5:     It affects your intelligence (+5).
   rPois:     It protects you from poison
 w - a +7 dagger of venom (weapon)
Missiles
 M - 2 throwing nets
 X - 4 curare-tipped darts (quivered)
Armour
 b - a +3 troll leather armour (worn) {Snorg}
 m - a +2 hat (worn)
 t - an orb of guile (worn)
 Q - a +2 cloak of preservation (worn)
Magical Staves
 e - a staff of air {rElec !a}
Jewellery
 i - a +6 ring of strength
 l - a ring of magical power
 p - a ring "Tyzas" (right hand) {rF+ Int+6}
   (You bought it in a shop in a bazaar)

   [ring of protection from fire]

   Int+6:     It affects your intelligence (+6).
   rF+:       It protects you from fire.
 s - the ring "Ciol" {Fly rPois rC+ Dex+3}
   (You bought it in a shop in a bazaar)

   [ring of protection from cold]

   Dex+3:     It affects your dexterity (+3).
   rC+:       It protects you from cold.
   rPois:     It protects you from poison Fly: It grants you flight.
 y - an amulet of faith
 A - the ring "Astry" (left hand) {Will+ MP+9}
   (You bought it in a shop in a bazaar)

   [ring of magical power]

   Will+:     It increases your willpower.
   MP+9:      It affects your magic capacity (+9).
 K - a ring of protection from fire
 L - a ring of protection from cold
 N - a ring of positive energy
 S - an amulet of guardian spirit (around neck)
 Y - a ring of willpower
Wands
 c - a wand of light (1)
 v - a wand of digging (1)
 D - a wand of mindburst (6)
 E - a wand of paralysis (10)
 F - a wand of polymorph (16)
Scrolls
 f - 19 scrolls of teleportation {@r3}
 h - a scroll of blinking {@r4}
 z - a scroll of poison
 B - 7 scrolls of immolation
 I - 3 scrolls of enchant armour
 P - a scroll of vulnerability {!r}
 U - a scroll of summoning {!r}
 V - 2 scrolls of silence {!r}
 Z - 7 scrolls of fog {@r2}
Potions
 a - 4 potions of magic
 d - 4 potions of enlightenment
 j - 7 potions of curing {@q2}
 k - 2 potions of cancellation
 o - 7 potions of mutation
 r - 5 potions of might {@q3}
 u - 5 potions of heal wounds {@q1}
 x - 2 potions of ambrosia
 H - 3 potions of resistance
 J - a potion of invisibility
 O - 5 potions of lignification
 T - a potion of haste {@q5}
 W - 5 potions of brilliance
Miscellaneous
 n - a phantom mirror
 C - a sack of spiders (inert)
 G - a phial of floods
 R - a lightning rod (3/4)


   Skills:
 + Level 15.2 Fighting
 - Level 6.0 Short Blades
 - Level 18.0 Dodging
 - Level 21.0 Stealth
 + Level 12.5 Spellcasting
 - Level 7.0 Hexes
 - Level 5.0 Summonings
 - Level 15.0 Translocations
 - Level 5.0 Ice Magic
 - Level 3.0 Earth Magic
 - Level 14.0 Invocations
 - Level 10.0 Evocations


You had 6 spell levels left.
You knew the following spells:

 Your Spells              Type           Power      Damage    Failure   Level
a - Ensorcelled Hibernat  Hex/Ice        86%        N/A       1%          2
b - Tukima's Dance        Hex            48%        N/A       1%          3
c - Confusing Touch       Hex            48%        N/A       1%          3
e - Blink                 Tloc           100%       N/A       1%          2
f - Dispersal             Tloc           36%        N/A       2%          6
h - Passwall              Erth           29%        N/A       6%          3
i - Vhi's Electric Charg  Tloc/Air       100%       N/A       3%          4
j - Apportation           Tloc           100%       N/A       0%          1
l - Passage of Golubria   Tloc           72%        N/A       1%          4
p - Manifold Assault      Tloc           72%        N/A       1%          4
r - Summon Forest         Summ/Tloc      29%        N/A       3%          5

Your spell library contained the following spells:

 Spells                   Type           Power      Damage    Failure   Level
 Call Imp                 Summ           78%        N/A       1%          2
 Lesser Beckoning         Tloc           100%       N/A       1%          2
 Momentum Strike          Conj/Tloc      100%       3d10      1%          2
 Gell's Gravitas          Tloc           72%        N/A       1%          3
 Sigil of Binding         Hex            48%        N/A       1%          3
 Volatile Blastmotes      Fire/Tloc      100%       2d18      1%          3
 Dimensional Bullseye     Hex/Tloc       30%        N/A       1%          4
 Call Canine Familiar     Summ           39%        N/A       2%          3
 Ozocubu's Armour         Ice            39%        N/A       2%          3
 Iskenderun's Mystic Bla  Conj/Tloc      50%        2d11      3%          4
 Cause Fear               Hex            24%        N/A       4%          4
 Dazzling Flash           Conj/Hex       62%        N/A       5%          3
 Inner Flame              Hex/Fire       31%        N/A       5%          3
 Magic Dart               Conj           60%        1d6       8%          1
 Shock                    Conj/Air       60%        1d6       8%          1
 Sting                    Conj/Alch      60%        1d6       8%          1
 Mercury Vapours          Alch/Air       30%        N/A       11%         2
 Scorch                   Fire           30%        2d6       11%         2
 Metabolic Englaciation   Hex/Ice        21%        N/A       17%         5
 Fugue of the Fallen      Necr           15%        N/A       22%         3
 Mephitic Cloud           Conj/Alch/Air  15%        N/A       22%         3
 Swiftness                Air            15%        N/A       22%         3
 Summon Blazeheart Golem  Fire/Summ      27%        N/A       26%         4
 Brom's Barrelling Bould  Conj/Erth      22%        2d4       36%         4
 Silence                  Hex/Air        15%        N/A       43%         5
 Airstrike                Air            7%         2d(2-18)  58%         4
 Flame Wave               Conj/Fire      15%        2d7       58%         4
 Fulminant Prism          Conj/Alch      7%         3d7       58%         4
 Olgreb's Toxic Radiance  Alch           15%        N/A       58%         4
 Freezing Cloud           Conj/Ice/Air   11%        6-21      71%         5
 Summon Cactus Giant      Summ           19%        N/A       82%         6
 Arcjolt                  Conj/Air       7%         1d17      90%         5
 Curse of Agony           Necr           15%        N/A       90%         5
 Fireball                 Conj/Fire      7%         3d5       90%         5
 Irradiate                Conj/Alch      7%         3d14      90%         5
 Iskenderun's Battlesphe  Conj           15%        2d7       90%         5
 Sculpt Simulacrum        Ice/Alch       13%        N/A       99%         6
 Conjure Ball Lightning   Conj/Air       7%         3x3d6     100%        6
 Eringya's Noxious Bog    Alch           7%         4d6       100%        6
 Plasma Beam              Fire/Air       7%         2x1d18    100%        6
 Disjunction              Tloc           36%        N/A       71%         8
 Orb of Destruction       Conj           7%         9d6       100%        7
 Spellforged Servitor     Conj/Summ      13%        N/A       100%        7
 Summon Hydra             Summ           19%        N/A       100%        7
 Ignition                 Fire           7%         3d5       100%        8


Dungeon Overview and Level Annotations

Branches:
Dungeon (15/15)            Temple (1/1) D:6            Lair (5/5) D:8
 Shoals (4/4) Lair:2       Spider (4/4) Lair:2        Slime (0/5) Lair:4
    Orc (2/2) D:11            Elf (3/3) Orc:2        Vaults (2/5) D:13
 Depths (4/4) D:15            Zot (5/5) Depths:4     Bailey (visited)
  Crypt: Vaults:2-3

Altars:
Ashenzari
Cheibriados
Dithmenos
Elyvilon
Fedhas
Gozag
Hepliaklqana
Kikubaaqudgha
Makhleb
Nemelex Xobeh
Okawaru
Qazlal
Ru
Sif Muna
Trog
Uskayaw
Vehumet
Wu Jian
Xom
Yredelemnul
Zin
The Shining One

Shops:
D:8 (   Orc:2 *?[(   Elf:1 :   Shoals:2 =   Vaults:2 [   Depths:1 =:=

Portals:
Hell: Depths:2
Abyss: Depths:2 Depths:3
Pandemonium: Depths:1

Annotations:
D:2 1 exclusion
D:3 Ijyb
D:4 exclusion: upstairs
D:5 exclusion: 3 downstairs
D:7 exclusion: 2 orc priests
D:8 4 exclusions
D:14 exclusion: efreet
Lair:1 1 exclusion
Lair:3 exclusion: 2 upstairs
Lair:4 1 transporter, exclusion: downstairs
Shoals:1 exclusion: water nymph
Shoals:2 1 exclusion
Spider:1 Armakuni's ghost, journeyman NaMo
Spider:2 Arachne
Spider:3 Aizul
Spider:4 exclusion: upstairs
Elf:1 exclusion: dancing weapon
Elf:2 exclusion: dancing weapon, Roxanne
Elf:3 exclusions: dancing weapon, deep elf pyromancer, deep elf zephyrmancer and upstairs
Vaults:1 2 transporters, exclusions: 2 doors, ironbound thunderhulk and vault sentinel
Vaults:2 exclusions: downstairs, 2 ironbound convokers, ironbound frostheart, upstairs, 2 vault wardens and yaktaur
Depths:1 exclusions: 2 doors, hell knight, tengu reaver and 3 more exclusions, Sojobo
Depths:2 1 exclusion, Boris
Depths:3 exclusions: shadow dragon and 2 upstairs
Depths:4 exclusion: upstairs, Xtahua
Zot:2 exclusion: quicksilver dragon
Zot:4 exclusions: draconian knight, draconian scorcher, red draconian, tentacled monstrosity and yellow draconian
Zot:5 exclusion: Killer Klown


Innate Abilities, Weirdness & Mutations

You are very small and have problems with some larger weapons.
You are too small for most types of armour.
You have supernaturally acute eyesight. (SInv)
You cover ground extremely quickly. (Speed+++)


Message History

Level annotation: exclusion: 3 downstairs
There is a stone staircase leading down here.
There is a stone staircase leading up here.
You climb upwards.
Level annotation: exclusion: upstairs
There is a stone staircase leading down here.
The goblin shouts!
Casting: Passwall (mildly dangerous; 6% risk of failure)
Confirm with . or Enter, or press ? or * to list all spells.
You blink.
The goblin attacks as it pursues you! The goblin misses you.
You feel ready to blink again.
There is an escape hatch in the ceiling here.
A mysterious force pulls you upwards. The hatch slams shut behind you.
Level annotation: Ijyb A goblin is nearby!
The goblin shouts!
There is an escape hatch in the ceiling here.
A mysterious force pulls you upwards. The hatch slams shut behind you.
Unknown command.
A giant cockroach is nearby!
A giant cockroach is nearby!
A giant cockroach is nearby!
A giant cockroach is nearby!
Stopped running for exclusion.
There is a stone staircase leading down here.
There is a stone staircase leading up here.
You climb upwards.
There is a stone staircase leading down here.
Aiming: Dig
Press: ? - help, Shift-Dir - straight line, f - you Please select a direction to dig.
A stone staircase leading down.
This square is covered in magical glow.
The rock shatters into small pieces.
Unknown command.
Blink to where?
Press: ? - help, Dir - move target
As you read the scroll of blinking {@r4}, it crumbles to dust.
Unknown command.
You have escaped!

###########.###.# #. #########
#.###.# ##.## #.# #. ........#
#.....###.## #.# #. ........#
###.#.#.##.## #.# #. ........##
#.........## #.###.
.........###.#.#.#)..#### #.....
...............#.#......# #######
........##.#.###.###.#.## #......
........##......@......# #.#####
#'#......#.#.###.###.#.## #.#
#.#.####.....^.#.#......# #.#
#.#.# #.###.#.#.#.#.#### #.#
#.#.####.###.........# ###'#####
..#.##.....###.#.#.######........
..#.##.#.#.# #.....##...'........
..#.##.#.#.# #.###.##.###........
..(..#.#...####.......#.'........


There were no monsters in sight!

Vanquished Creatures
  Boris (Depths:1)
  2 Killer Klowns
  A golden dragon (Zot:4)
  Nikola (Depths:1)
  2 bone dragons (Abyss:3)
  Jorgrun (D:15)
  5 Orb Guardians (Zot:5)
  2 liches
  5 tentacled monstrosities
  2 deep elf blademasters (Elf:3)
  A quicksilver dragon (Zot:1)
  2 acid blobs (Zot:1)
  2 sphinxes
  2 death cobs
  A storm dragon (Depths:3)
  2 shadow dragons
  Donald (Orc:2)
  5 emperor scorpions
  2 fire giants
  2 draconian knights
  2 frost giants
  2 draconian monks
  2 vault wardens (Vaults:2)
  4 ghost moths
  A deep elf elementalist (Elf:3)
  2 orc warlords (Vaults:1)
  A deep elf sorcerer (Elf:3)
  4 ironbound preservers
  A broodmother (Spider:4)
  A formless jellyfish (Vaults:1)
  7 very ugly things (Zot:1)
  A draconian annihilator (Depths:4)
  6 green draconians
  3 stone giants
  Nessos (D:15)
  7 black draconians
  An ironbound thunderhulk (Vaults:2)
  3 deep elf demonologists (Elf:3)
  4 deep elf death magi (Elf:3)
  2 yellow draconians
  4 deep elf annihilators (Elf:3)
  A minotaur (Shoals:4)
  A spark wasp (Spider:4)
  A red draconian (Zot:2)
  2 white draconians
  A dire elephant (Vaults:1)
  Snorg (Lair:3)
  2 purple draconians
  2 slime creatures
  3 ettins
  2 merfolk impalers (Shoals:2)
  3 entropy weavers
  A fire dragon (Depths:4)
  A spriggan air mage (Depths:3)
  A hydra (Lair:5)
  2 rakshasas
  2 centaur warriors (D:13)
  2 merfolk avatars (Shoals:1)
  2 catoblepae (Lair:1)
  2 radroaches
  2 ironbound frosthearts (Vaults:1)
  An alligator snapping turtle (Shoals:4)
  11 death yaks
  A deep troll shaman (Depths:4)
  A vampire mage (Depths:1)
  4 boulder beetles
  2 satyrs (Shoals:4)
  2 two-headed ogres
  An orc high priest (Orc:2)
  A dancing weapon (Spider:1)
  3 demonic crawlers
  Amaemon (Lair:3)
  Sonja (Lair:3)
  3 pharaoh ants
  A fire crab (shapeshifter) (D:15)
  3 skysharks
  7 deep trolls
  A flayed ghost (Depths:2)
  4 orb spiders
  Pikel (D:8)
  6 orc knights
  12 harpies
  2 deep elf zephyrmancers
  2 steelbarb worms (Spider:4)
  3 wolf spiders
  An ironbound convoker (Vaults:1)
  2 orc sorcerers (D:15)
  5 manticores
  4 moths of wrath
  2 meliai
  A black mamba (Lair:5)
  A water nymph (Shoals:4)
  2 merfolk sirens (Shoals:4)
  A gargoyle (D:8)
  5 cane toads
  An orange demon (Lair:3)
  3 torpor snails
  Maggie (D:8)
  Jeremiah (D:7)
  A yaktaur (Vaults:2)
  2 tengu conjurers
  3 merfolk
  2 tarantellas (Spider:1)
  A hornet (Lair:5)
  A snapping turtle (Lair:2)
  3 culicivoras
  2 air elementals (Depths:2)
  2 spriggans (Lair:5)
  A wyvern (D:9)
  4 yaks (D:8)
  A redback (Spider:3)
  2 steam dragons
  2 water moccasins
  7 orc warriors
  A centaur (D:7)
  A scorpion (D:4)
  An electric eel (Lair:3)
  A hound (D:3)
  Crazy Yiuf (D:5)
  3 iguanas
  A gnoll (D:8)
  4 adders
  An ufetubus (D:6)
  9 orcs
  2 ball pythons
  A giant cockroach (D:2)
  5 goblins
  A hobgoblin (D:1)
  A quokka (D:3)
  A bat (D:1)
  2 frilled lizards (D:1)
  2 kobolds
  2 rats (D:1)
313 creatures vanquished.

Vanquished Creatures (collateral kills)
  A Killer Klown (Depths:4)
  Norris (Elf:3)
  An electric golem (Zot:1)
  A tentacled monstrosity (Zot:4)
  2 deep elf master archers (Elf:3)
  A deep elf demonologist (Elf:3)
  A very ugly thing (Zot:1)
  A deep elf death mage (Elf:3)
  2 white draconians (Zot:1)
  A two-headed ogre (Orc:2)
  A deep troll earth mage (Depths:2)
  3 dancing weapons (Elf:3)
  A yaktaur (Vaults:2)
  A dream sheep (shapeshifter) (Elf:3)
  3 air elementals (Elf:3)
  An orc warrior (Bailey)
  A gnoll (D:2)
  5 orcs
28 creatures vanquished.

Vanquished Creatures (others)
  A golden dragon (Depths:4)
  3 very ugly things
  A white draconian (Zot:1)
  A green death (Zot:1)
  A fire dragon (Depths:4)
  A centaur warrior (D:13)
  An ogre mage (Orc:2)
  A satyr (Shoals:4)
  A deep troll (Depths:4)
  A deep elf zephyrmancer (Elf:1)
  2 harpies (Shoals:4)
  A manticore (Shoals:4)
  A vault sentinel (Vaults:2)
  A smoke demon (Abyss:3)
  A black mamba (Lair:1)
  2 tarantellas
  A snapping turtle (Shoals:4)
  A raiju (Abyss:3)
  A jumping spider (Spider:3)
  A wraith (D:13)
  A water elemental (Shoals:4)
  2 culicivoras
  A basilisk (Lair:5)
  2 yaks (Lair:1)
  31 dancing weapons
  A vampire mosquito (D:13)
  2 water moccasins
  A sky beast (Abyss:3)
  A wolf (Depths:2)
  An orc priest (Orc:2)
  An orc wizard (Orc:2)
  2 ufetubi (Abyss:3)
  6 orcs (Orc:2)
  2 butterflies (Zot:4)
  2 snaplasher vines
80 creatures vanquished.

Grand Total: 421 creatures vanquished

Notes
Turn   | Place    | Note
-------+----------+-------------------------------------------
     0 | D:1      | Sergey the Spriggan Enchanter began the quest for the Orb.
     0 | D:1      | Reached XP level 1. HP: 9/9 MP: 5/5
   267 | D:1      | Reached skill level 5 in Stealth
   521 | D:1      | Reached XP level 2. HP: 13/13 MP: 6/6
   526 | D:1      | Learned a level 2 spell: Ensorcelled Hibernation
  1001 | D:3      | Found a faded altar of an unknown god.
  1011 | D:3      | Got Plato's Catalogue of Portals
  1019 | D:3      | Found an opulent altar of Gozag.
  1979 | D:2      | Reached skill level 6 in Stealth
  2227 | D:3      | Reached XP level 3. HP: 16/16 MP: 5/8
  2231 | D:3      | Learned a level 3 spell: Tukima's Dance
  2233 | D:3      | Learned a level 1 spell: Apportation
  2585 | D:3      | Reached skill level 7 in Stealth
  3360 | D:4      | Reached XP level 4. HP: 21/21 MP: 9/9
  3507 | D:4      | Noticed a scorpion
  3509 | D:4      | Killed a scorpion
  3510 | D:4      | Reached skill level 1 in Fighting
  3510 | D:4      | Reached skill level 8 in Stealth
  3881 | D:4      | Found a broken altar of Ashenzari.
  4307 | D:5      | Entered Level 5 of the Dungeon
  4455 | D:5      | Found a runed translucent door.
  4456 | D:5      | Noticed Crazy Yiuf
  4506 | D:5      | Noticed a water moccasin
  4556 | D:5      | Noticed a phantom
  4700 | D:5      | Reached XP level 5. HP: 25/25 MP: 10/10
  5458 | D:6      | Reached skill level 9 in Stealth
  5458 | D:6      | Found a staircase to the Ecumenical Temple.
  5462 | D:6      | Noticed a sky beast
  5466 | Temple   | Entered the Ecumenical Temple
  5485 | Temple   | Became a worshipper of Elyvilon the Healer
  5672 | D:6      | Noticed a phantom
  6908 | D:2      | Reached * piety under Elyvilon
  7297 | D:3      | Noticed Ijyb
  8025 | D:6      | Noticed a phantom
  8195 | D:6      | Noticed an ice beast
  8467 | D:7      | Noticed a steam dragon
  8505 | D:7      | Noticed an orc warrior
  9326 | D:7      | Noticed a water moccasin
  9338 | D:7      | Killed a water moccasin
  9339 | D:7      | Reached skill level 10 in Stealth
  9339 | D:7      | Reached skill level 1 in Invocations
  9339 | D:7      | Reached XP level 6. HP: 30/30 MP: 11/11
  9601 | D:5      | Killed Crazy Yiuf
  9695 | D:5      | Killed a water moccasin
  9696 | D:5      | Reached XP level 7. HP: 33/33 MP: 12/12
 10252 | D:8      | Reached ** piety under Elyvilon
 10258 | D:8      | Noticed a gargoyle
 10355 | D:8      | Noticed a death yak
 10493 | D:8      | Found a shimmering altar of Xom.
 10496 | D:8      | Found a snail-covered altar of Cheibriados.
 10499 | D:8      | Found a shadowy altar of Dithmenos.
 10562 | D:8      | Found a flagged portal.
 10616 | Bailey   | Entered a bailey
 11082 | Bailey   | Noticed an orc knight
 11295 | Bailey   | Identified the +13 crystal plate armour of Fun and Games
                  | {rN+ Regen+}
 11295 | Bailey   | Identified the +0 kite shield "Cyff" {Int+5}
 11438 | Bailey   | Noticed an orc knight
 11531 | Bailey   | Killed an orc knight
 11532 | Bailey   | Reached skill level 5 in Invocations
 11532 | Bailey   | Reached XP level 8. HP: 37/37 MP: 13/13
 11574 | Bailey   | Reached skill level 1 in Ice Magic
 11922 | Bailey   | Killed an orc knight
 11923 | Bailey   | Reached skill level 5 in Hexes
 11923 | Bailey   | Reached XP level 9. HP: 43/44 MP: 14/14
 12024 | D:8      | Noticed Pikel
 12185 | D:8      | Killed a gargoyle
 12240 | D:8      | Found Momask's Antique Weapon Emporium.
 12243 | D:8      | Bought a smoking dagger for 161 gold pieces
 12243 | D:8      | Identified the +7 dagger of Zudghaez {drain, Int+5} (You
                  | bought it in a shop on level 8 of the Dungeon)
 12525 | D:8      | Noticed a death yak
 12525 | D:8      | Noticed a death yak
 12534 | D:8      | Found a staircase to the Lair.
 12534 | D:8      | Noticed a death yak
 12534 | D:8      | Noticed a death yak
 12540 | D:8      | Noticed Maggie
 13152 | D:7      | Noticed Jeremiah
 13159 | D:7      | Killed Jeremiah
 13454 | D:7      | Learned a level 3 spell: Confusing Touch
 13465 | D:8      | Killed Maggie
 14135 | D:8      | Killed a death yak
 14136 | D:8      | Reached skill level 12 in Stealth
 14191 | D:8      | Killed a death yak
 14192 | D:8      | Reached skill level 5 in Short Blades
 14192 | D:8      | Reached XP level 10. HP: 49/49 MP: 17/17
 14277 | D:8      | Pacified a death yak
 14370 | D:8      | Killed Pikel
 14505 | D:8      | Pacified a death yak
 14506 | D:8      | Pacified a death yak
 14514 | D:8      | Reached skill level 10 in Invocations
 14846 | D:9      | Found a glowing golden altar of the Shining One.
 15043 | D:9      | Found an ornate altar of the Wu Jian Council.
 15434 | D:10     | Entered Level 10 of the Dungeon
 15448 | D:10     | Noticed a two-headed ogre
 15604 | D:10     | Learned a level 3 spell: Passwall
 15608 | D:10     | Killed a two-headed ogre
 15609 | D:10     | Reached XP level 11. HP: 52/52 MP: 19/19
 15633 | D:10     | Reached *** piety under Elyvilon
 15891 | D:10     | Found a hide-covered altar of Uskayaw.
 16136 | Lair:1   | Entered Level 1 of the Lair of Beasts
 16157 | Lair:1   | Noticed an eight-headed hydra
 16164 | Lair:1   | Pacified an eight-headed hydra
 16266 | Lair:1   | Noticed a catoblepas
 16405 | Lair:1   | Identified the +7 mace of Discord {venom, ^Fragile rF+
                  | Int+3 SInv} (You found it on level 1 of the Lair of Beasts)
 16548 | Lair:1   | Killed a catoblepas
 16689 | Lair:1   | Noticed a catoblepas
 16696 | Lair:1   | Killed a catoblepas
 17310 | Lair:3   | Noticed Sonja
 17321 | Lair:3   | Killed Sonja
 17420 | Lair:3   | Reached **** piety under Elyvilon
 17516 | Lair:3   | Noticed Amaemon
 17525 | Lair:3   | Killed Amaemon
 17535 | Lair:3   | Reached skill level 13 in Stealth
 17893 | Lair:2   | Noticed a death yak
 17897 | Lair:2   | Noticed a death yak
 17899 | Lair:2   | Noticed a death yak
 17987 | Lair:3   | Noticed Snorg
 17996 | Lair:3   | Killed Snorg
 17997 | Lair:3   | Reached skill level 14 in Stealth
 17997 | Lair:3   | Reached XP level 12. HP: 58/58 MP: 22/22
 18174 | Lair:2   | Noticed a death yak
 18181 | Lair:2   | Noticed a death yak
 18189 | Lair:2   | Killed a death yak
 18293 | Lair:2   | Killed a death yak
 18294 | Lair:2   | Reached skill level 15 in Stealth
 18295 | Lair:2   | Killed a death yak
 18320 | Lair:2   | Killed a death yak
 18321 | Lair:2   | Reached skill level 5 in Fighting
 18325 | Lair:2   | Killed a death yak
 18384 | Lair:2   | Found a hole to the Spider Nest.
 18874 | Lair:4   | Found a transporter.
 19200 | Lair:4   | Noticed a six-headed hydra
 19204 | Lair:4   | Pacified a six-headed hydra
 19205 | Lair:4   | Reached skill level 10 in Dodging
 19228 | Lair:4   | Found a transporter.
 19272 | Lair:4   | Found a staircase to the Slime Pits.
 19315 | Lair:5   | Entered Level 5 of the Lair of Beasts
 19315 | Lair:5   | Noticed a death yak
 19315 | Lair:5   | Noticed a death yak
 19315 | Lair:5   | Noticed a death yak
 19315 | Lair:5   | Noticed a death yak
 19315 | Lair:5   | Noticed a death yak
 19315 | Lair:5   | Noticed a death yak
 19315 | Lair:5   | Noticed an eight-headed hydra
 19325 | Lair:4   | Pacified a death yak
 19654 | Lair:5   | Pacified an eight-headed hydra
 19781 | Lair:5   | Noticed a seven-headed hydra
 19789 | Lair:5   | Pacified a seven-headed hydra
 20089 | Lair:5   | Noticed a four-headed hydra
 20096 | Lair:5   | Killed a four-headed hydra
 20610 | Lair:5   | Killed a death yak
 20611 | Lair:5   | Reached XP level 13. HP: 65/65 MP: 23/23
 21081 | Lair:5   | Found the +7 great mace "Firestarter" {flame, immolate,
                  | rFlCloud rF++}
 21085 | Lair:5   | Got an earthy gem with 299 turns to spare
 21201 | Lair:5   | Identified the +6 mace of the Damp God {venom, Str+5}
 22603 | D:11     | Found a staircase to the Orcish Mines.
 23808 | D:12     | Reached skill level 1 in Translocations
 23869 | D:13     | You fall into a shaft and drop 2 floors!
 23869 | D:15     | Entered Level 15 of the Dungeon
 24250 | D:13     | Reached skill level 16 in Stealth
 24462 | D:13     | Reached skill level 17 in Stealth
 24558 | D:13     | Noticed an ironbound preserver
 24573 | D:13     | Killed an ironbound preserver
 24608 | D:13     | Reached skill level 18 in Stealth
 25637 | D:14     | Learned a level 2 spell: Blink
 25640 | D:14     | Identified the +0 leather armour of the Invisible Friends
                  | {rN+ Will++ Str-2 Stlth+}
 26668 | D:15     | Identified the +8 sling of the Hurtling Pill Bug
                  | {antimagic, rC+ Dex+4}
 26833 | D:15     | Noticed Jorgrun
 26842 | D:15     | Killed Jorgrun
 26851 | D:15     | Reached skill level 5 in Translocations
 27143 | D:15     | Noticed Nessos
 27259 | D:13     | Reached XP level 14. HP: 72/72 MP: 25/25
 27433 | Orc:1    | Entered Level 1 of the Orcish Mines
 27433 | Orc:1    | Reached ***** piety under Elyvilon
 27733 | Orc:2    | Entered Level 2 of the Orcish Mines
 27735 | Orc:2    | Found a staircase to the Elven Halls.
 27754 | Orc:2    | Found Imyorph's CLEARANCE SALE!.
 28153 | Orc:2    | Noticed Donald
 28244 | Orc:2    | Killed Donald
 30063 | Orc:2    | Reached skill level 19 in Stealth
 30240 | Orc:2    | Found Tiwnotacw's Armour Emporium.
 30240 | Orc:2    | Found Iheum's Magic Scroll Boutique.
 30242 | Orc:2    | Found Meplaxa's Magic Scroll Emporium.
 30242 | Orc:2    | Found Emyekies's Antique Weapon Boutique.
 30253 | Orc:2    | Bought a scroll of teleportation for 36 gold pieces
 30253 | Orc:2    | Bought a scroll of enchant armour for 90 gold pieces
 30253 | Orc:2    | Bought a scroll of teleportation for 36 gold pieces
 30253 | Orc:2    | Bought a scroll of blinking for 90 gold pieces
 30253 | Orc:2    | Bought a scroll of teleportation for 36 gold pieces
 30257 | Orc:2    | Bought a smoking sling for 175 gold pieces
 30257 | Orc:2    | Identified the +5 sling of the Boar {elec, rF+ MP-9 Stlth+}
                  | (You bought it in a shop on level 2 of the Orcish Mines)
 30260 | Orc:2    | Bought a scroll of identify for 32 gold pieces
 30260 | Orc:2    | Bought a scroll of identify for 32 gold pieces
 30260 | Orc:2    | Bought a scroll of immolation for 64 gold pieces
 30260 | Orc:2    | Bought a scroll of teleportation for 48 gold pieces
 30260 | Orc:2    | Bought a scroll of identify for 32 gold pieces
 30260 | Orc:2    | Bought a scroll of amnesia for 64 gold pieces
 30260 | Orc:2    | Bought a scroll of identify for 32 gold pieces
 30260 | Orc:2    | Bought a scroll of immolation for 64 gold pieces
 31248 | D:10     | Found a shimmering blue altar of Sif Muna.
 31253 | D:10     | Found an ancient bone altar of Kikubaaqudgha.
 31258 | D:10     | Found a radiant altar of Vehumet.
 31574 | Spider:1 | Entered Level 1 of the Spider Nest
 31584 | Spider:1 | Noticed an emperor scorpion
 31593 | Spider:1 | Reached skill level 20 in Stealth
 31736 | Spider:1 | Learned a level 3 spell: Dazzling Flash
 32252 | Spider:1 | Killed an emperor scorpion
 32641 | Spider:1 | Found a runed translucent door.
 32641 | Spider:1 | Found a shimmering altar of Xom.
 32641 | Spider:1 | Noticed Armakuni's ghost (journeyman NaMo)
 33135 | Spider:1 | Identified the +0 cloak of Sunlight {rC+}
 33203 | Spider:2 | Noticed Arachne
 33203 | Spider:2 | Noticed an emperor scorpion
 33208 | Spider:1 | Killed an emperor scorpion
 33733 | Spider:2 | Noticed a ghost moth
 33817 | Lair:2   | Found a staircase to the Shoals.
 34008 | Shoals:1 | Entered Level 1 of the Shoals
 34010 | Shoals:1 | Reached skill level 10 in Fighting
 35661 | Shoals:2 | Found Bodoox's Jewellery Emporium.
 35679 | Shoals:2 | Reached skill level 5 in Spellcasting
 35729 | Shoals:2 | Reached XP level 15. HP: 80/80 MP: 21/26
 36133 | Shoals:4 | Entered Level 4 of the Shoals
 36990 | Shoals:4 | Got a barnacled rune of Zot
 36991 | Shoals:4 | Noticed a sphinx
 37002 | Shoals:4 | Killed a sphinx
 37003 | Shoals:4 | Reached skill level 15 in Dodging
 37021 | Shoals:4 | Identified the +6 dagger of Cuecok {drain, rC++}
 38207 | Spider:3 | Identified the serpent talisman of the Desert {rN+ Stlth+}
 38207 | Spider:3 | Noticed Aizul
 38261 | Spider:4 | Entered Level 4 of the Spider Nest
 39453 | Spider:4 | Reached skill level 10 in Translocations
 39481 | Spider:4 | Noticed an emperor scorpion
 39493 | Spider:4 | Killed an emperor scorpion
 39880 | Spider:2 | Learned a level 6 spell: Dispersal
 40339 | Spider:4 | Noticed an emperor scorpion
 40634 | Spider:4 | Noticed an emperor scorpion
 40648 | Spider:4 | Killed an emperor scorpion
 40682 | Spider:4 | Killed an emperor scorpion
 40683 | Spider:4 | Reached XP level 16. HP: 87/87 MP: 27/27
 40729 | Spider:4 | Got a gossamer rune of Zot
 41129 | Lair:4   | Identified the +0 cloak "Okosoast" {Rampage rC- Int+3
                  | Slay+2}
 42105 | Elf:1    | Entered Level 1 of the Elven Halls
 42481 | D:13     | Found a gate to the Vaults.
 42510 | Vaults:1 | Entered Level 1 of the Vaults
 42723 | Vaults:1 | Found a transporter.
 42769 | Vaults:1 | Found a transporter.
 46941 | Vaults:2 | Found Othyin's Armour Shoppe.
 47317 | Vaults:2 | Reached skill level 15 in Translocations
 49161 | D:15     | Killed Nessos
 49570 | D:15     | Found a staircase to the Depths.
 49607 | Depths:1 | Entered Level 1 of the Depths
 49880 | Depths:1 | Noticed Nikola
 50545 | Depths:1 | Noticed Boris
 50550 | Depths:1 | Killed Boris
 50645 | Depths:1 | Found a one-way gate leading to the halls of Pandemonium.
 50664 | Depths:1 | Noticed a tengu reaver
 50743 | Depths:1 | Noticed a sphinx
 50860 | Depths:1 | Found Lefippym's Jewellery Shoppe.
 50860 | Depths:1 | Found Qeoqif's Book Shop.
 50867 | Depths:1 | Killed Nikola
 50921 | Depths:1 | Found Dunaer's Jewellery Shoppe.
 50933 | Depths:1 | Bought the Tome of the Blinking Curse for 484 gold pieces
 50938 | Depths:1 | Learned a level 4 spell: Passage of Golubria
 51431 | Depths:1 | Noticed a golden dragon
 51446 | Depths:1 | Pacified a golden dragon
 51447 | Depths:1 | Reached skill level 5 in Ice Magic
 51645 | Depths:1 | Killed a sphinx
 51876 | Depths:2 | Found a one-way gate to the infinite horrors of the Abyss.
 51879 | Depths:2 | Found a one-way gateway to a ziggurat.
 52333 | Depths:1 | Noticed Sojobo
 52702 | Depths:2 | Noticed a storm dragon
 52703 | Depths:2 | Pacified a storm dragon
 53412 | Depths:2 | Paralysed by an air elemental for 1 turns
 53417 | Depths:2 | Paralysed by an air elemental for 1 turns
 53514 | Depths:2 | Found a gateway to Hell.
 53649 | Depths:2 | Reached skill level 10 in Spellcasting
 53671 | Depths:2 | Noticed Boris
 54821 | Depths:3 | Noticed a lich
 54828 | Depths:3 | Killed a lich
 54873 | Depths:3 | Noticed a storm dragon
 54928 | Depths:3 | Voluntarily entered the Abyss.
 54967 | Abyss:2  | Found a corrupted altar of Lugonu.
 54980 | Abyss:2  | Found a corrupted altar of Lugonu.
 54980 | Abyss:2  | Found a corrupted altar of Lugonu.
 54987 | Abyss:2  | Found a corrupted altar of Lugonu.
 55164 | Abyss:2  | Noticed a bone dragon
 55228 | Abyss:2  | Noticed an ancient lich
 55285 | Abyss:3  | Noticed a bone dragon
 55295 | Abyss:3  | Killed a bone dragon
 55296 | Abyss:3  | Reached XP level 17. HP: 93/93 MP: 32/32
 55333 | Abyss:3  | Noticed a profane servitor
 55404 | Abyss:3  | Reached skill level 10 in Evocations
 55413 | Abyss:3  | Got an abyssal rune of Zot
 55436 | Abyss:3  | Noticed a bone dragon
 55441 | Abyss:3  | Killed a bone dragon
 55476 | Abyss:3  | Found a corrupted altar of Lugonu.
 55522 | Depths:3 | Escaped the Abyss
 55528 | Depths:3 | Learned a level 4 spell: Vhi's Electric Charge
 56263 | Depths:4 | Entered Level 4 of the Depths
 56340 | Depths:4 | Noticed a lich
 56658 | Depths:4 | Found a flickering gateway to a bazaar.
 56670 | Bazaar   | Entered a bazaar
 56670 | Bazaar   | Found Yczehaer's Weapon Shoppe.
 56670 | Bazaar   | Found Hoacont's Armour Shoppe.
 56670 | Bazaar   | Found Seys Mia's Jewellery Emporium.
 56670 | Bazaar   | Found Ossount's Distillery.
 56670 | Bazaar   | Found Tameg's General Store.
 56717 | Bazaar   | Bought a ring "Tyzas" {rF+ Int+6} for 446 gold pieces
 56717 | Bazaar   | Bought the ring "Ciol" {Fly rPois rC+ Dex+3} for 446 gold
                  | pieces
 56717 | Bazaar   | Bought the ring "Astry" {Will+ MP+9} for 326 gold pieces
 56760 | Bazaar   | Bought a potion of curing for 39 gold pieces
 56795 | Depths:4 | Learned a level 4 spell: Manifold Assault
 57654 | Depths:4 | Noticed a golden dragon
 57657 | Depths:4 | Pacified a golden dragon
 57694 | Depths:4 | Killed a golden dragon
 57819 | Depths:4 | Killed a lich
 59002 | Depths:4 | Found a gate to the Realm of Zot.
 59016 | Zot:1    | Entered Level 1 of the Realm of Zot
 59033 | Zot:1    | Noticed a shard shrike
 59041 | Zot:1    | Pacified a shard shrike
 59047 | Zot:1    | Noticed a shard shrike
 59048 | Zot:1    | Pacified a shard shrike
 59058 | Zot:1    | Noticed an acid blob
 59064 | Zot:1    | Noticed an acid blob
 59065 | Zot:1    | Killed an acid blob
 59071 | Zot:1    | Killed an acid blob
 59374 | Zot:1    | Noticed an electric golem
 59495 | Depths:4 | Noticed Xtahua
 61067 | Elf:2    | Noticed Roxanne
 61908 | Elf:3    | Entered Level 3 of the Elven Halls
 62072 | Elf:3    | Learned a level 5 spell: Summon Forest
 62182 | Elf:3    | Paralysed by an air elemental for 1 turns
 62193 | Elf:3    | Paralysed by an air elemental for 1 turns
 62301 | Elf:3    | Reached skill level 1 in Summonings
 62362 | Elf:3    | Noticed Norris
 62886 | Elf:3    | Killed Norris
 62983 | Elf:3    | Noticed a deep elf blademaster
 63006 | Elf:3    | Killed a deep elf blademaster
 63007 | Elf:3    | Reached XP level 18. HP: 100/100 MP: 31/33
 63128 | Elf:3    | Identified the +1 rapier "Agranwou" {freeze, rPois Int+5}
 63953 | Elf:3    | Identified the +4 scale mail "Ajifriga" {rElec rPois Dex-2
                  | SInv}
 64019 | Elf:3    | Identified the +1 leather armour "Qihei" {rElec rF+ Int+2}
 64076 | Elf:3    | Identified the +0 leather armour "Sel Caos" {Str+3}
 64154 | Elf:3    | Identified the amulet "Poemod" {rPois Will+ Regen+}
 64154 | Elf:3    | Identified the +1 chain mail of Ynnujoqo {rN+}
 64154 | Elf:3    | Identified the +7 glaive of the Heavens {heavy, Will+
                  | Int+2}
 64239 | Elf:3    | Paralysed by an air elemental for 1 turns
 64240 | Elf:3    | Elyvilon protects you from harm!
 64243 | Elf:3    | Paralysed by an air elemental for 1 turns
 64316 | Elf:3    | Identified the +8 plate armour of Vermicelli {rC+++ rN++}
 64389 | Elf:3    | Reached skill level 5 in Summonings
 64558 | Elf:3    | Identified the staff "Zouts" {rCorr Dex+5 Conj Summ}
 64904 | Elf:3    | Noticed an Ice Fiend
 65788 | Elf:1    | Found Wanues's Tremendous Tomes.
 66279 | Zig:1    | Entered Level 1 of a ziggurat
 66305 | Zig:2    | Entered Level 2 of a ziggurat
 66354 | Zig:3    | Entered Level 3 of a ziggurat
 66383 | Zig:4    | Entered Level 4 of a ziggurat
 66423 | Zig:5    | Entered Level 5 of a ziggurat
 66491 | Zig:5    | Identified the +7 broad axe of the Goat {freeze, Will+}
 66803 | Depths:4 | Noticed a caustic shrike
 67122 | Zot:1    | Noticed a Killer Klown
 67188 | Zot:1    | Killed a Killer Klown
 67314 | Zot:1    | Noticed a Killer Klown
 67320 | Zot:1    | Killed an electric golem
 67342 | Depths:4 | Killed a Killer Klown
 68565 | Zot:2    | Noticed a tentacled monstrosity
 69213 | Zot:2    | Noticed a tentacled monstrosity
 69617 | Zot:2    | Noticed a tentacled monstrosity
 69660 | Zot:2    | Killed a tentacled monstrosity
 69791 | Zot:2    | Noticed a tentacled monstrosity
 69823 | Zot:3    | Noticed a golden dragon
 69823 | Zot:3    | Noticed a tentacled monstrosity
 69825 | Zot:3    | Killed a tentacled monstrosity
 69948 | Zot:4    | Noticed a tentacled monstrosity
 69949 | Zot:4    | Killed a tentacled monstrosity
 69972 | Zot:4    | Noticed a golden dragon
 70014 | Zot:4    | Noticed a tentacled monstrosity
 70176 | Zot:4    | Killed a tentacled monstrosity
 70374 | Zot:4    | Noticed a tentacled monstrosity
 70568 | Zot:4    | Noticed a tentacled monstrosity
 70584 | Zot:4    | Killed a tentacled monstrosity
 70780 | Zot:4    | Pacified a golden dragon
 70781 | Zot:4    | Reached skill level 15 in Fighting
 70800 | Zot:4    | Noticed a golden dragon
 70856 | Zot:4    | Killed a golden dragon
 71462 | Zot:5    | Entered Level 5 of the Realm of Zot
 71522 | Zot:5    | Noticed a Killer Klown
 71565 | Zot:5    | Noticed a tentacled monstrosity
 71601 | Zot:5    | Noticed a Killer Klown
 71601 | Zot:5    | Killed a tentacled monstrosity
 71750 | Zot:5    | Noticed a golden dragon
 71836 | Zot:5    | Killed a Killer Klown
 71982 | Zot:5    | Pacified a golden dragon
 72005 | Zot:5    | Reached skill level 21 in Stealth
 72117 | Zot:5    | Noticed an Orb Guardian
 72117 | Zot:5    | Noticed an Orb Guardian
 72153 | Zot:5    | Killed an Orb Guardian
 72172 | Zot:5    | Noticed an Orb Guardian
 72215 | Zot:5    | Killed an Orb Guardian
 72314 | Zot:5    | Killed an Orb Guardian
 72315 | Zot:5    | Reached XP level 19. HP: 108/108 MP: 36/36
 72746 | Zot:5    | Noticed a Killer Klown
 72746 | Zot:5    | Noticed a Killer Klown
 72751 | Zot:5    | Got the Orb of Zot
 72822 | Zot:4    | Noticed a Brimstone Fiend
 72994 | Depths:3 | Noticed a Brimstone Fiend
 73032 | Depths:1 | Noticed Wuuqim the pandemonium lord
 73325 | D:$      | Escaped with the Orb!

Illustrated notes

Levels and vault maps discovered:
D:1:      roderic_chinese_lattice_arrival, layout_basic
D:2:      layout_loops_ring, dreamdust_princess_bridge
D:3:      kennysheep_the_goblin_king, layout_basic, overflow_temple_1_default,
          shapermc_ecumenical_altar_rom_forum
D:4:      layout_loops_ring, cheibrodos_ashenzari_chains
D:5:      layout_loops_ring, uniq_crazy_yiuf_cottage
D:6:      lemuel_slime, layout_rooms, minmay_temple_entry_mini_moons,
          hangedman_minor_gate_pass
D:7:      layout_loops_ring, uniq_jeremiah
D:8:      layout_rooms, minmay_overflow_temple_star_quad, dpeg_lair_monsters,
          enter_bailey_3, serial_shops, shop, uniq_pikel, uniq_maggie
D:9:      layout_loops_ring, nicolae_tso_carved_into_rock,
          mainiacjoe_overflow_24_doors
D:10:     layout_cave_pools, palyth_temple_overflow_mages,
          mainiacjoe_overflow_surrounded_room
D:11:     layout_rooms
D:12:     layout_cave_pools
D:13:     layout_basic, skrybe_vaults_entry_preservation
D:14:     layout_stronghold, minmay_hedge_maze
D:15:     grunt_enter_depths_magical_seal, layout_stronghold,
          amcnicky_mini_rare_corridor_liquid, uniq_jorgrun, uniq_nessos
Temple:   nicolae_temple_bog_church
Lair:1:   layout_loops_ring, st_stairs_5
Lair:2:   gammafunk_indiana_jones, layout_cave_shapes, minmay_shoals_entry_hut,
          spider_nest_entry_web_field
Lair:3:   layout_loops_ring, nicolae_lair_lil_pond, serial_bayou_lagoon_b,
          grunt_megastairs_5, infiniplex_staircase_pool, uniq_sonja,
          uniq_amaemon, uniq_snorg
Lair:4:   gammafunk_cloud_chamber, layout_misc_corridors,
          nicolae_slime_entry_slimehenge
Lair:5:   minmay_lair_end_enchanted_forest, layout_hall_layers,
          nicolae_lair_grove_arrangements, serial_bayou_shore_b,
          grunt_megastairs_2, lemuel_fruit_fields
Shoals:1: layout_shoals
Shoals:2: layout_shoals, serial_shops, shop
Shoals:3: layout_shoals, nicolae_shoals_arrival_archipelago, uniq_ilsuiw
Shoals:4: shoals_end_hellmonk_lost_city, serial_shops
Spider:1: layout_spider_delve, ebering_ghost_xom
Spider:2: layout_cave_pods, nicolae_spider_swamp_cousins, uniq_arachne,
          uniq_agnes
Spider:3: layout_spider_delve, nicolae_spider_undead_wolf_pack, uniq_aizul
Spider:4: hellmonk_spider_rune_bug_friends
Orc:1:    layout_caves, elves_outpost_lemuel
Orc:2:    grunt_orc_tribal_feast, layout_caves, nicolae_shop_clearance,
          uniq_donald
Elf:1:    nicolae_elf_arrival_fired_up, layout_geoelf_diagonals,
          nicolae_elf_shapeshifter_party, nicolae_shop_i_like_big_books
Elf:2:    nicolae_elf_blades_crystal_corner, layout_gridlike,
          nicolae_elf_big_sculpture_3, uniq_roxanne
Elf:3:    grunt_elf_hall_branching, layout_loops_cross, uniq_norris
Vaults:1: v_alt_pattern_4, gammafunk_the_bubble [the_bubble_gammafunk_grid],
          v_alt_pattern_4, vaults_room_pool, v_misc_31,
          nicolae_vaults_offset_grid_hallway_3, vaults_room_corners,
          nicolae_vaults_alarming, nicolae_vaults_surprise_closet,
          vaults_room_ringed_pool, vaults_room_door_hall,
          dpeg_vaults_monster_box, nicolae_vaults_house_3,
          nicolae_vaults_bisected_slash, nicolae_vaults_angled_halls,
          serial_ice_g, layout_vaults_omnicross
Vaults:2: vaults_room_corners, v_rooms_3, nicolae_vaults_minivaults, v_misc_17,
          hangedman_vaults_trim, nicolae_vaults_trapezoid_3,
          nicolae_vaults_what_the_h, v_misc_15, ontoclasm_vaults_gateway,
          v_alt_pattern_1, nicolae_vaults_diamond_1, grunt_vaults_hallway_long,
          nicolae_vaults_tetromino_Z_1, nicolae_vaults_doubleplus_tesselated,
          grunt_vaults_focal, nicolae_vaults_taking_the_gang_shopping,
          nicolae_vaults_tetromino_L_1, layout_vaults_ring
Vaults:3: v_misc_1, minmay_crypt_entry_vampire_xt, v_alt_pattern_5,
          vaults_standard_mumra_lines, ontoclasm_vaults_bender,
          vaults_mumra_hex, nicolae_vaults_little_squares_2,
          nicolae_vaults_prndl, vaults_room_octagon, grunt_vaults_hallway_short,
          v_misc_11, nicolae_vaults_sesquioval_fish, layout_vaults_maze,
          serial_shops, nicolae_shop_window_shopping, uniq_margery,
          uniq_asterion
Depths:1: layout_gridlike, pan_entry, hellmouth_2, wad_mini_maze,
          minmay_shop_grove, uniq_sojobo, uniq_boris, uniq_nikola
Depths:2: grated_community_mu [grated_community_mu_vampire_home,
          grated_community_mu_giant_home, grated_community_mu_spellcaster_home,
          grated_community_mu_orcish_home, grated_community_mu_troll_home,
          grated_community_mu_taur_home, grated_community_mu_unbuilt_plot],
          layout_cave_shapes, enter_ziggurat_e, hell_entry, pan_entry,
          abyss_entry, hangedman_abyss_or_decor_stabs, minmay_misc_feat_doors,
          dreamdust_looks_like_rain
Depths:3: evilmike_negative_zone, layout_gridville, hell_entry,
          hangedman_abyss_entry_splay, minmay_misc_feat_tower,
          infiniplex_staircase_pool_lava
Depths:4: evilmike_zot_entry_hall, layout_basic, serial_glass, glass_columns_c,
          glass_columns_c, item_on_display_a, minmay_strange_pillars,
          hell_entry, serial_shops, freezing_bzr, nicolae_diode_stairs,
          uniq_xtahua
Zot:1:    layout_basic, basic_altar, hangedman_zot_spectrum, grunt_megastairs_4
Zot:2:    grunt_twist_and_shout, layout_concentric_octagons,
          hangedman_zot_decor_unnerving_road, nicolae_tricolors
Zot:3:    layout_gridlike, bh_zot_lava_cross
Zot:4:    layout_gridlike, hangedman_xom_zot_hilarity, grunt_megastairs_3
Zot:5:    layout_basic, drop_trap, nicolae_tricolors

Skill      XL: |  1  2  3  4  5  6  7  8  9 10 11 12 13 14 15 16 17 18 |
---------------+-------------------------------------------------------+-----
Stealth        | 5 6 7 8 10 12 14 15 18 20 21 | 21.0
Hexes          | 4 5 6 7 |  7.0
Fighting       | 1 3 4 6 7 10 11 12 13 15 | 15.2
Invocations    | 1 4 5 7 10 12 14 | 14.0
Evocations     | 7 8 9 10 | 10.0
Ice Magic      | 2 4 5 |  5.0
Dodging        | 4 6 9 12 13 15 18 | 18.0
Short Blades   | 5 6 |  6.0
Spellcasting   | 4 5 6 10 12 | 12.5
Earth Magic    | 2 3 |  3.0
Translocations | 5 6 13 15 | 15.0
Summonings     | 3 5 |  5.0

Action                     |  1- 3 |  4- 6 |  7- 9 | 10-12 | 13-15 | 16-18 | 19-21 || total
---------------------------+-------+-------+-------+-------+-------+-------+-------++-------
  Melee: Dagger            |    41 |       |    29 |    30 |   136 |   159 |     3 ||   398
         Short sword       |     3 |    14 |    12 |       |       |       |       ||    29
         Rapier            |       |       |       |       |       |    23 |       ||    23
   Fire: Orcbow            |       |    11 |       |       |       |       |       ||    11
         Sling             |       |       |       |     2 |       |       |       ||     2
  Throw: Dart              |       |       |     4 |       |     3 |    13 |       ||    20
   Cast: Ensorcelled Hiber |    47 |    80 |   109 |   103 |   350 |   329 |     4 ||  1022
         Apportation       |     2 |    18 |     6 |    49 |   123 |    88 |     4 ||   290
         Tukima's Dance    |       |     6 |    16 |     3 |    21 |    27 |       ||    73
         Passwall          |       |       |       |    20 |   172 |    91 |     3 ||   286
         Confusing Touch   |       |       |       |       |     4 |    10 |       ||    14
         Blink             |       |       |       |       |     3 |    18 |     2 ||    23
         Dispersal         |       |       |       |       |     5 |   232 |     3 ||   240
         Summon Forest     |       |       |       |       |       |    18 |       ||    18
         Manifold Assault  |       |       |       |       |       |    22 |       ||    22
         Passage of Golubr |       |       |       |       |       |    11 |     2 ||    13
 Invoke: Heal Other        |       |       |       |    52 |   130 |    94 |       ||   276
         Purification      |       |       |       |       |     1 |     1 |       ||     2
  Evoke: Wand              |       |       |     9 |     4 |    26 |    79 |     4 ||   122
         Sack of spiders   |       |       |       |       |     1 |     5 |       ||     6
         Lightning rod     |       |       |       |       |     4 |     9 |       ||    13
         Phial of floods   |       |       |       |       |     1 |     3 |       ||     4
         Phantom mirror    |       |       |       |       |       |     2 |       ||     2
    Use: Potion            |     1 |     1 |       |     1 |     5 |    22 |     4 ||    34
         Scroll            |       |     7 |     1 |     9 |    14 |    32 |     3 ||    66
   Stab: Sleeping          |    12 |    10 |    16 |    24 |    82 |    70 |     3 ||   217
         Invisible         |       |     1 |       |       |     2 |       |       ||     3
         Paralysed         |       |       |    12 |     5 |    15 |    16 |       ||    48
         Distracted        |       |       |     1 |       |     1 |     1 |       ||     3
         Confused          |       |       |       |       |     1 |     9 |       ||    10
 Armour: Robe              |    22 |    23 |    39 |       |       |       |       ||    84
         Steam dragon scal |       |       |     7 |    27 |       |       |       ||    34
         Troll leather arm |       |       |       |    13 |   256 |   242 |     9 ||   520
  Dodge: Dodged            |    40 |    78 |   126 |    88 |   633 |   547 |    12 ||  1524
